 Dungeon Crawl Stone Soup version 0.22-a0-392-g5dc3fd9 (webtiles) character file.

2526 4thArraOfDagon the Destroyer (level 9, -3/55 HPs)
             Began as an Octopode Air Elementalist on May 2, 2018.
             Was a Believer of Vehumet.
             Slain by a hippogriff (7 damage)
             ... on level 8 of the Dungeon.
             The game lasted 00:26:38 (5723 turns).

4thArraOfDagon the Destroyer (OpAE)                 Turns: 5723, Time: 00:26:38

Health: -3/55      AC:  3    Str:  8    XL:     9   Next: 54%
Magic:  1/18       EV: 14    Int: 20    God:    Vehumet [**....]
Gold:   380        SH:  0    Dex: 12    Spells: 9/20 levels left

rFire    . . .     SeeInvis +   j - staff of wizardry {!a}
rCold    + . .     Gourm    .   (no shield)
rNeg     . . .     Faith    .   (helmet restricted)
rPois    .         Spirit   .   (no amulet)
rElec    .         Reflect  .   c - ring of teleportation (curse)
rCorr    .         Harm     .   k - ring of loudness (curse)
MR       +....     Rnd*Tele +   g - ring of see invisible
Stlth    ++........             (no ring)
HPRegen  0.18/turn              (no ring)
MPRegen  0.16/turn              (no ring)
                                (no ring)
                                (no ring)

@: no status effects
A: almost no armour, stealthy swim, amphibious, 8 rings, constrict 8, tentacle
spike 1, slimy green scales 1, camouflage 1, cold resistance 1, magic resistance
1, gelatinous body 1
a: Renounce Religion


You were on level 8 of the Dungeon.
You worshipped Vehumet.
Vehumet was pleased with you.
You were not hungry.

You visited 2 branches of the dungeon, and saw 9 of its levels.

You collected 380 gold pieces.

Inventory:

Hand Weapons
 a - a +2 whip of freezing
 u - a +2 flail of holy wrath
Missiles
 p - 2 throwing nets (quivered)
Magical Staves
 j - an uncursed staff of wizardry (weapon) {!a}
Jewellery
 c - a cursed ring of teleportation (left tentacle)
 g - a ring of see invisible (on tentacle)
 k - a cursed ring of loudness (right tentacle)
Wands
 o - a wand of paralysis (1)
 q - a wand of random effects (23)
Scrolls
 d - 5 scrolls of teleportation
 f - a scroll of enchant armour
 m - 5 scrolls of identify
 r - 2 scrolls of amnesia
 v - a scroll of immolation
Potions
 e - a potion of haste
 h - 2 potions of heal wounds
 i - 2 potions of agility
 l - 5 potions of curing
 n - 2 potions of cancellation
 s - a potion of might
Comestibles
 b - 11 rations
 t - 3 chunks of flesh


   Skills:
 + Level 2.8 Fighting
 + Level 3.5 Dodging
 - Level 2.6 Stealth
 + Level 6.0 Spellcasting
 * Level 10.0 Conjurations
 * Level 0.8 Fire Magic
 - Level 3.0 Air Magic


You had 9 spell levels left.
You knew the following spells:

 Your Spells              Type           Power        Failure   Level  Hunger
a - Shock                 Conj/Air       ####         1%          1    None
b - Airstrike             Air            ###.......   12%         4    ####...
c - Lightning Bolt        Conj/Air       ####......   9%          5    #####..
d - Flame Tongue          Conj/Fire      ####.        1%          1    None


Dungeon Overview and Level Annotations

Branches:
Dungeon (8/15)             Temple (1/1) D:5
   Lair: D:8-11

Altars:
Cheibriados
Dithmenos
Fedhas
Qazlal
Ru
Sif Muna
Trog
Uskayaw
Vehumet
Wu Jian

Shops:
D:7 (

Annotations:
D:3 exclusion: oklob plant
D:7 Dargar's ghost, novice DsGl


Innate Abilities, Weirdness & Mutations

You cannot wear most types of armour.
You are very stealthy in the water. (Stealth+)
You are amphibious.
You can wear up to eight rings at the same time.
You can use your tentacles to constrict eight enemies at once.
Your skin changes colour to match your surroundings (Stealth+).
Your rubbery body absorbs attacks. (AC +1, EV +1)
One of your tentacles bears a spike.
You are partially covered in slimy green scales. (AC +2)
Your flesh is cold resistant. (rC+)
You are resistant to hostile enchantments. (MR+)


Message History

The hippogriff bites you. The hippogriff pecks you.
* * * LOW HITPOINT WARNING * * *
The hippogriff claws you.
* * * LOW HITPOINT WARNING * * *
Unknown command.
Unknown command.
You feel much better. The hippogriff bites you!
The hippogriff barely misses you. The hippogriff misses you.
Unknown command.
Evoke which item? (* to show all) (? for menu, Esc to quit)
Aiming: Paralyse
Press: ? - help, Shift-Dir - straight line, f/p - hippogriff
Aim: a hippogriff (severely wounded, chance to defeat MR: 41%)
The hippogriff resists with some effort.
The hippogriff bites you!
* * * LOW HITPOINT WARNING * * *
The hippogriff pecks you!
* * * LOW HITPOINT WARNING * * *
The hippogriff claws you!
You die...

#...#.# ## #.#.#.#
#.###.#...## ##
#....#....# # .
#.#######.# #.#.#.
#..<.#....#
....##########..#.#...
#.#.#.............#....#
......H@...####.........
#.#.#............#.##.##
....#.##..#######.##...
#.#. #. #..# #.##### #
......# #.# ##.....# #.#
#.##... ..# ..) ..###
### #.# ..#


You could see a hippogriff.

Vanquished Creatures
  The ghost of soark the Conjurer, an amateur DECj (D:5)
  Sigmund (D:2)
  A steam dragon (D:8)
  A water moccasin (D:6)
  Edmund (D:6)
  An orc warrior (D:6)
  A sky beast (D:6)
  A phantom (D:5)
  A necrophage (D:6)
  2 centaurs (D:6)
  3 bullfrogs
  A scorpion (D:4)
  2 killer bees (D:8)
  A howler monkey (D:5)
  A crimson imp (D:5)
  A centaur zombie (D:5)
  3 hounds
  A bullfrog skeleton (D:6)
  2 orc priests
  A centaur skeleton (D:7)
  2 jellies
  5 orc wizards
  2 iguanas (D:4)
  Natasha (thrice) (D:3)
  8 worker ants
  3 gnolls (D:5)
  6 adders
  2 oozes
  An adder zombie (D:5)
  2 adder skeletons
  A worm (D:3)
  A dart slug (D:1)
  5 leopard geckos
  22 orcs
  4 ball pythons
  7 bats
  5 giant cockroaches
  A goblin (D:3)
  11 hobgoblins
  5 jackals
  3 quokkas
  2 frilled lizards
  A jackal skeleton (D:4)
  6 kobolds
  A leopard gecko zombie (D:6)
  A quokka skeleton (D:4)
  2 quokka zombies
  7 rats
146 creatures vanquished.

Vanquished Creatures (others)
  A jackal (D:8)
  12 toadstools (D:3)
13 creatures vanquished.

Grand Total: 159 creatures vanquished

Notes
Turn   | Place    | Note
-------+----------+-------------------------------------------
     0 | D:1      | 4thArraOfDagon the Octopode Air Elementalist began the quest for the Orb.
     0 | D:1      | Reached XP level 1. HP: 11/11 MP: 3/3
    65 | D:1      | Reached skill level 2 in Conjurations
    65 | D:1      | Reached XP level 2. HP: 15/17 MP: 1/5
   139 | D:2      | Found a stormy altar of Qazlal.
   277 | D:3      | Reached skill level 3 in Conjurations
   277 | D:3      | Reached XP level 3. HP: 13/21 MP: 1/6
   300 | D:3      | Found a blossoming altar of Fedhas.
   435 | D:4      | Reached XP level 4. HP: 17/27 MP: 1/7
   441 | D:4      | Learned a level 4 spell: Airstrike
   549 | D:5      | Entered Level 5 of the Dungeon
   603 | D:5      | Noticed a bullfrog
   621 | D:5      | Reached skill level 4 in Conjurations
   630 | D:5      | Noticed soark's ghost (amateur DECj)
   815 | D:4      | Reached XP level 5. HP: 22/31 MP: 8/8
   855 | D:4      | Reached skill level 5 in Conjurations
  1073 | D:6      | Noticed a water moccasin
  1164 | D:6      | Noticed a centaur
  1178 | D:6      | Reached XP level 6. HP: 34/36 MP: 4/10
  1188 | D:6      | Noticed a necrophage
  1203 | D:6      | Killed a necrophage
  1203 | D:6      | Reached skill level 6 in Conjurations
  1220 | D:6      | Gained mutation: One of your tentacles bears a spike. [potion of mutation]
  1220 | D:6      | Gained mutation: Your flesh is cold resistant. (rC+) [potion of mutation]
  1220 | D:6      | Gained mutation: You are partially covered in slimy green scales. (AC +2) [potion of mutation]
  1220 | D:6      | Gained mutation: You are resistant to hostile enchantments. (MR+) [potion of mutation]
  1224 | D:6      | Reached XP level 7. HP: 20/41 MP: 2/12
  1286 | D:7      | Noticed Dargar's ghost (novice DsGl)
  1441 | D:7      | Reached skill level 7 in Conjurations
  1487 | D:7      | Found Tuif's Weapon Emporium.
  1699 | D:5      | Learned a level 5 spell: Lightning Bolt
  1793 | D:5      | Reached XP level 8. HP: 37/46 MP: 1/14
  2055 | D:7      | Reached skill level 8 in Conjurations
  2570 | D:5      | Found a staircase to the Ecumenical Temple.
  2598 | Temple   | Entered the Ecumenical Temple
  2660 | Temple   | Became a worshipper of Vehumet
  2774 | D:5      | Reached skill level 5 in Spellcasting
  2871 | D:2      | Noticed Sigmund
  2877 | D:2      | Killed Sigmund
  3101 | D:1      | Reached skill level 9 in Conjurations
  3396 | D:1      | Reached * piety under Vehumet
  3396 | D:1      | Offered knowledge of Magic Dart by Vehumet.
  3924 | D:3      | Noticed Natasha
  3934 | D:3      | Killed Natasha
  3972 | D:3      | Noticed Natasha
  3977 | D:3      | Killed Natasha
  4068 | D:3      | Noticed Natasha
  4072 | D:3      | Killed Natasha
  4159 | D:3      | Noticed an oklob plant
  4484 | D:4      | Reached skill level 1 in Fighting
  4662 | D:5      | Killed soark's ghost
  4662 | D:5      | Reached XP level 9. HP: 46/53 MP: 0/17
  5068 | D:6      | Noticed Edmund
  5083 | D:6      | Killed Edmund
  5544 | D:8      | Reached ** piety under Vehumet
  5544 | D:8      | Offered knowledge of Flame Tongue by Vehumet.
  5555 | D:8      | Learned a level 1 spell: Flame Tongue
  5683 | D:8      | Reached skill level 10 in Conjurations
  5723 | D:8      | Slain by a hippogriff

Vault maps used:
D:1:      eino_arrival_tree_alley
D:2:      grunt_qazlal_sundering, uniq_sigmund
D:3:      first_ration, minmay_misc_feat_square, tgw_fedhas, uniq_natasha
D:4:      grunt_ministairs_13, grunt_decor_resistance, kennysheep_generic_room_3
D:5:      minmay_temple_entry_overgrown
D:6:      uniq_edmund
D:7:      serial_shops, shop_statue
D:8:      grunt_temple_overflow_champion_of_chaos, enter_bailey_2
Temple:   dpeg_five_rooms_temple

Skill      XL: |  1  2  3  4  5  6  7  8  9 |
---------------+----------------------------+-----
Conjurations   | 2 3 4 5 6 7 9 10 | 10.0
Spellcasting   | 3 4 5 6 |  6.0
Fighting       | 1 2 |  2.8
Dodging        | 3 |  3.5
Stealth        | |  2.6
Fire Magic     | |  0.8
Air Magic      | |  3.0

Action                   |  1- 3 |  4- 6 |  7- 9 || total
-------------------------+-------+-------+-------++-------
Melee: Unarmed           |     9 |       |       ||     9
       Tentacles         |     4 |     8 |    23 ||    35
       Constrict         |     5 |     8 |    37 ||    50
       Whip              |    16 |    30 |    41 ||    87
       Kick              |       |     1 |    47 ||    48
       Staff             |       |       |    99 ||    99
 Cast: Shock             |    22 |    26 |   142 ||   190
       Airstrike         |       |       |    27 ||    27
Evoke: Wand              |       |       |    10 ||    10
  Use: Scroll            |     3 |     2 |     9 ||    14
       Potion            |       |     6 |     2 ||     8
 Stab: Sleeping          |     2 |       |    11 ||    13
       Invisible         |       |     1 |     1 ||     2
       Paralysed         |       |       |    14 ||    14
  Eat: Chunk             |       |     2 |    19 ||    21
Armor: Skin              |     3 |     2 |    26 ||    31
Dodge: Dodged            |    18 |    30 |   129 ||   177

Table legend:
 A = Spawn XP
 B = Non-spawn XP
 C = Spawn XP percentage of total XP
 D = Spawn monster count
 E = Non-spawn monster count
 F = Spawn count percentage of total count
 G = Total turns spent on level
                    A         B        C        D         E        F      G
               +---------+---------+-------+---------+---------+-------+---------
         Total |       0 |    3609 |   0.0 |       0 |     147 |   0.0 |  5723
               +---------+---------+-------+---------+---------+-------+---------
           D:1 |       0 |      68 |   0.0 |       0 |      34 |   0.0 |   744
           D:2 |       0 |     220 |   0.0 |       0 |       7 |   0.0 |   443
           D:3 |       0 |     259 |   0.0 |       0 |      21 |   0.0 |   722
           D:4 |       0 |     252 |   0.0 |       0 |      14 |   0.0 |   859
           D:5 |       0 |     964 |   0.0 |       0 |      22 |   0.0 |  1151
           D:6 |       0 |    1197 |   0.0 |       0 |      30 |   0.0 |   781
           D:7 |       0 |     161 |   0.0 |       0 |       8 |   0.0 |   705
           D:8 |       0 |     488 |   0.0 |       0 |      11 |   0.0 |   205
               +---------+---------+-------+---------+---------+-------+---------
